 Dungeon Crawl Stone Soup version 0.30-a0-738-g116ff8c4af (webtiles) character file.

Game seed: 18141473671932792854

849 epen the Charlatan (level 8, -1/60 HPs)
             Began as a Gnoll Artificer on Feb 3, 2023.
             Killed from afar by Dowan (13 damage)
             ... with a stone arrow
             ... on level 4 of the Dungeon.
             The game lasted 00:04:22 (3138 turns).

epen the Charlatan (Gnoll Artificer)                Turns: 3138, Time: 00:04:23

Health: -1/60      AC:  3    Str: 19    XL:     8   Next: 1%
Magic:  12/12      EV: 13    Int: 12    God:
Gold:   195        SH:  0    Dex: 12    Spells: 13/13 levels left

rFire   . . .      SeeInvis .    e - +3 scythe (vamp)
rCold   . . .      Faith    .    (shield currently unavailable)
rNeg    . . .      Spirit   .    b - +0 leather armour
rPois   .          Reflect  .    (no helmet)
rElec   .          Harm     .    (no cloak)
rCorr   .          Rampage  .    (no gloves)
Will    .....                    (no boots)
Stlth   ++                       t - amulet of magic regeneration
HPRegen 0.30/turn                m - +6 ring of strength
MPRegen 0.53/turn                (no ring)

@: no status effects
A: fangs 1, strong nose, distributed training
a: no special abilities


You were on level 4 of the Dungeon.
You visited 1 branch of the dungeon, and saw 4 of its levels.

You collected 195 gold pieces.

Inventory:

Hand Weapons
 a - a +0 club
 e - a +3 vampiric scythe (weapon)
Armour
 b - a +0 leather armour (worn)
Jewellery
 m - a +6 ring of strength (left hand)
 t - an amulet of magic regeneration (around neck)
Wands
 c - a wand of flame (1) (quivered)
 d - a wand of charming (14)
Scrolls
 g - a scroll of torment {unknown}
 k - 3 scrolls of blinking {unknown}
 l - 2 scrolls of magic mapping {unknown}
 n - a scroll of teleportation {unknown}
 o - 4 scrolls of identify {unknown}
 r - a scroll of butterflies {unknown}
 u - a scroll of vulnerability {unknown}
Potions
 h - a potion of brilliance {unknown}
 i - a potion of magic {unknown}
 j - a potion of attraction {unknown}
 p - a potion of haste {unknown}
 q - a potion of degeneration {unknown}
 s - a potion of cancellation {unknown}
 v - a potion of flight {unknown}


   Skills:
 + Level 4.0 Fighting
 + Level 3.0 Short Blades
 + Level 3.0 Long Blades
 + Level 3.0 Axes
 + Level 3.0 Maces & Flails
 + Level 3.0 Polearms
 + Level 3.0 Staves
 + Level 3.0 Ranged Weapons
 + Level 3.0 Throwing
 + Level 5.5 Armour
 + Level 4.0 Dodging
 + Level 3.8 Stealth
 + Level 3.0 Shields
 + Level 3.0 Unarmed Combat
 + Level 3.0 Spellcasting
 + Level 2.4 Conjurations
 + Level 2.4 Hexes
 + Level 2.4 Summonings
 + Level 2.4 Necromancy
 + Level 2.4 Translocations
 + Level 2.4 Transmutations
 + Level 2.4 Fire Magic
 + Level 2.4 Ice Magic
 + Level 2.4 Air Magic
 + Level 2.4 Earth Magic
 + Level 2.4 Poison Magic
 + Level 3.2 Invocations
 + Level 7.2 Evocations


You had 13 spell levels left.
You didn't know any spells.
Your spell library contained the following spells:

 Spells                   Type           Power      Damage    Failure   Level
 Foxfire                  Conj/Fire      28%        2x1d5     11%         1
 Ensorcelled Hibernation  Hex/Ice        14%        N/A       16%         2
 Passwall                 Tmut/Erth      5%         N/A       16%         2
 Swiftness                Air            7%         N/A       32%         3
 Fireball                 Conj/Fire      3%         3d4       96%         5
 Starburst                Conj/Fire      3%         6d3       100%        6


Dungeon Overview and Level Annotations

Branches:
Dungeon (4/15)
 Temple: D:4-7

Altars:

Shops:
D:1 (

Annotations:
D:4 Dowan


Innate Abilities, Weirdness & Mutations

You have very sharp teeth.
Your uncanny sense of smell can sniff out nearby items.
Your experience applies equally to all skills.


Message History

You closely miss the phantom.
The phantom is severely damaged.
Dowan hits you with a +0 dagger.
The phantom hits you but does no damage.
You puncture the phantom!
You destroy the phantom!
Dowan hits you with a +0 dagger.
Dowan points at you and mumbles some strange words.
The stone arrow hits you!!
* * * LOW HITPOINT WARNING * * *
Dowan barely misses you.
Your Fighting skill increases to level 4!
Your Short Blades skill increases to level 3!
Your Long Blades skill increases to level 3!
Your Axes skill increases to level 3!
Your Maces & Flails skill increases to level 3!
Your Polearms skill increases to level 3!
Your Staves skill increases to level 3!
Your Ranged Weapons skill increases to level 3!
Your Throwing skill increases to level 3!
Your Dodging skill increases to level 4!
Your Shields skill increases to level 3!
Your Unarmed Combat skill increases to level 3!
Your Spellcasting skill increases to level 3!
You have reached level 8!
You feel clever.
You miss Dowan.
Dowan is lightly wounded.
Dowan hits you with a +0 dagger.
* * * LOW HITPOINT WARNING * * *
Dowan completely misses you.
You closely miss Dowan.
Dowan is lightly wounded.
Dowan gestures at you while chanting. The stone arrow misses you.
Dowan hits you with a +0 dagger.
* * * LOW HITPOINT WARNING * * *
It was a potion of curing.
You feel better.
Dowan points at you and mumbles some strange words.
The stone arrow hits you!
You die...

#######################
#...................†.#
#.###################.# #.#
###.###
###'#################......
#.....)..e.........##......
#.........@........##......
#..................####.###
###.###............# #.###
#.# #............# #.#..
#+# #............####.#.# ∆
#.................#.< ∆
############'######..
#........##.. #...§....##..


You could see Dowan (fast).

Vanquished Creatures
  Sigmund (D:4)
  Duvessa (D:4)
  A sky beast (D:4)
  An ogre (D:4)
  A phantom (D:4)
  A necrophage (D:4)
  A scorpion (D:4)
  2 hounds (D:4)
  2 orc priests
  An orc wizard (D:4)
  A worm (D:3)
  11 orcs
  6 endoplasms
  6 giant cockroaches
  7 hobgoblins
  A quokka (D:1)
  9 ball pythons
  2 bats
  4 frilled lizards
  5 goblins
  5 kobolds
  A rat (D:2)
70 creatures vanquished.

Notes
Turn   | Place    | Note
-------+----------+-------------------------------------------
     0 | D:1      | epen the Gnoll Artificer began the quest for the Orb.
     0 | D:1      | Reached XP level 1. HP: 17/17 MP: 1/1
   217 | D:1      | Reached XP level 2. HP: 21/23 MP: 2/2
   289 | D:1      | Found Hitsuiz's Antique Weapon Shop.
  1203 | D:2      | Reached XP level 3. HP: 28/28 MP: 3/3
  1744 | D:3      | Reached skill level 1 in Invocations
  1858 | D:3      | Reached skill level 1 in Short Blades
  1858 | D:3      | Reached skill level 1 in Long Blades
  1858 | D:3      | Reached skill level 1 in Axes
  1858 | D:3      | Reached skill level 1 in Maces & Flails
  1858 | D:3      | Reached skill level 1 in Polearms
  1858 | D:3      | Reached skill level 1 in Staves
  1858 | D:3      | Reached skill level 1 in Ranged Weapons
  1858 | D:3      | Reached skill level 1 in Throwing
  1858 | D:3      | Reached skill level 1 in Shields
  1858 | D:3      | Reached skill level 1 in Unarmed Combat
  1858 | D:3      | Reached skill level 1 in Spellcasting
  1858 | D:3      | Reached XP level 4. HP: 34/34 MP: 5/5
  1948 | D:3      | Reached skill level 1 in Conjurations
  1948 | D:3      | Reached skill level 1 in Hexes
  1948 | D:3      | Reached skill level 1 in Summonings
  1948 | D:3      | Reached skill level 1 in Necromancy
  1948 | D:3      | Reached skill level 1 in Translocations
  1948 | D:3      | Reached skill level 1 in Transmutations
  1948 | D:3      | Reached skill level 1 in Fire Magic
  1948 | D:3      | Reached skill level 1 in Ice Magic
  1948 | D:3      | Reached skill level 1 in Air Magic
  1948 | D:3      | Reached skill level 1 in Earth Magic
  1948 | D:3      | Reached skill level 1 in Poison Magic
  2313 | D:4      | Noticed a necrophage
  2317 | D:4      | Killed a necrophage
  2318 | D:4      | Reached XP level 5. HP: 41/41 MP: 5/7
  2322 | D:4      | Noticed an ogre
  2326 | D:4      | Killed an ogre
  2327 | D:4      | Reached XP level 6. HP: 47/47 MP: 8/8
  2331 | D:4      | Noticed a sky beast
  2336 | D:4      | Killed a sky beast
  2336 | D:4      | Noticed Sigmund
  2337 | D:4      | Reached skill level 5 in Armour
  2347 | D:4      | Killed Sigmund
  2348 | D:4      | Reached skill level 7 in Evocations
  2348 | D:4      | Reached XP level 7. HP: 48/52 MP: 10/10
  2963 | D:4      | Noticed Duvessa
  2963 | D:4      | Noticed Dowan
  2977 | D:4      | Killed Duvessa
  3136 | D:4      | Reached XP level 8. HP: 14/60 MP: 12/12
  3138 | D:4      | Killed from afar by Dowan

Illustrated notes

Levels and vault maps discovered:
D:1:      kennysheep_arrival_forest, layout_basic, serial_shops, shop_statue,
          due_unseen_surprise
D:2:      layout_basic
D:3:      layout_rooms
D:4:      layout_basic, uniq_sigmund, uniq_duvessa, uniq_eustachio

Skill      XL: |  1  2  3  4  5  6  7 |
---------------+----------------------+-----
Invocations    | 1 2 3 |  3.2
Short Blades   | 1 2 3 |  3.0
Long Blades    | 1 2 3 |  3.0
Axes           | 1 2 3 |  3.0
Maces & Flails | 1 2 3 |  3.0
Polearms       | 1 2 3 |  3.0
Staves         | 1 2 3 |  3.0
Ranged Weapons | 1 2 3 |  3.0
Throwing       | 1 2 3 |  3.0
Shields        | 1 2 3 |  3.0
Unarmed Combat | 1 2 3 |  3.0
Spellcasting   | 1 2 3 |  3.0
Conjurations   | 1 2 |  2.4
Hexes          | 1 2 |  2.4
Summonings     | 1 2 |  2.4
Necromancy     | 1 2 |  2.4
Translocations | 1 2 |  2.4
Transmutations | 1 2 |  2.4
Fire Magic     | 1 2 |  2.4
Ice Magic      | 1 2 |  2.4
Air Magic      | 1 2 |  2.4
Earth Magic    | 1 2 |  2.4
Poison Magic   | 1 2 |  2.4
Fighting       | 3 4 |  4.0
Dodging        | 3 4 |  4.0
Stealth        | 3 |  3.8
Armour         | 5 |  5.5
Evocations     | 7 |  7.2

Action                     |  1- 3 |  4- 6 |  7- 9 || total
---------------------------+-------+-------+-------++-------
  Melee: Club              |   144 |    32 |       ||   176
         Bite              |    15 |     1 |     6 ||    22
         Punch             |     1 |     2 |       ||     3
         Halberd           |       |       |    79 ||    79
  Evoke: Wand              |     6 |    13 |     1 ||    20
    Use: Potion            |       |       |     1 ||     1
   Stab: Sleeping          |     3 |     3 |     4 ||    10
 Armour: Leather armour    |    53 |    15 |    13 ||    81
  Dodge: Dodged            |   109 |    20 |    50 ||   179

Table legend: (Time is in decaauts)
 A = Elapsed time spent in this place.
 B = Non-inter-level travel time spent in this place.
 C = Inter-level travel time spent in this place.
 D = Time resting spent in this place.
 E = Time spent auto-exploring this place.
 F = Levels seen in this place.
 G = Mean time per level.
                   A        B        C        D        E       F      G
               +--------+--------+--------+--------+--------+-----+--------+
         Total |   3213 |   3125 |     88 |    204 |   2284 |   4 |  803.2 |
       Dungeon |   3213 |   3125 |     88 |    204 |   2284 |   4 |  803.2 |
               +--------+--------+--------+--------+--------+-----+--------+

Top non-repeatable levels by time:
     D:4: 860 daAuts
     D:2: 852 daAuts
     D:1: 821 daAuts
     D:3: 678 daAuts
